 Dungeon Crawl Stone Soup version 0.31-a0-1611-g890cdf5 (webtiles) character file.

Game seed: 2381397046593180505

35 xspeedydi the Trooper (level 3, 0/9 HPs)
             Began as a Minotaur Berserker on Jan 8, 2024.
             Was a Follower of Trog.
             Slain by a goblin
             ... wielding a +0 dagger
              (1 damage)
             ... on level 2 of the Dungeon.
             The game lasted 00:16:05 (1146 turns).

xspeedydi the Trooper (Minotaur Berserker)          Turns: 1146, Time: 00:16:05

Health: 0/9        AC:  0    Str: 23    XL:     3   Next: 17%
Magic:  2/2        EV: 16    Int:  4    God:    Trog [*.....]
Gold:   39         SH:  0    Dex:  9    Spells: 2/2 levels left

rFire   . . .        a - melded +0 hand axe
rCold   . . .        (shield currently unavailable)
rNeg    . . .        b - melded +0 animal skin
rPois   .            (helmet restricted)
rElec   .            (no cloak)
rCorr   .            (no gloves)
SInv    .            (no boots)
Will    .....        (no amulet)
Stlth   +            (no ring)
HPRegen 0.21/turn    (no ring)
MPRegen 0.08/turn

%: no passive effects
@: flux-form, glowing
A: glow, contaminating, reduced hp, horns 2, retaliatory headbutt
a: Begin Untransformation, Renounce Religion, Berserk


You were on level 2 of the Dungeon.
You worshipped Trog.
Trog was aware of your devotion.
You were something dangerously unstable.
You visited 1 branch of the dungeon, and saw 2 of its levels.

You collected 39 gold pieces.

Inventory:

Hand Weapons
 a - a +0 hand axe (melded)
Armour
 b - a +0 animal skin (melded)
Talismans
 m - a flux talisman (active)
Scrolls
 c - 3 scrolls of identify {unknown}
 e - a scroll of teleportation {unknown}
 g - 2 scrolls of enchant armour {unknown}
 k - a scroll of revelation {unknown}
Potions
 d - a potion of might {unknown}
 f - a potion of lignification {unknown}
 h - a potion of brilliance
 i - a potion of cancellation {unknown}
 j - a potion of berserk rage {unknown}
 l - a potion of invisibility {unknown}


   Skills:
 * Level 4.2 Fighting
 + Level 4.1 Axes
 + Level 3.0 Armour
 - Level 2.6 Dodging


You had 2 spell levels left.
You didn't know any spells.
Your spell library was empty.

Dungeon Overview and Level Annotations

Branches:
Dungeon (2/15)

Altars:
Kikubaaqudgha


Innate Abilities, Weirdness & Mutations

You are something dangerously unstable.
You glow with magical radiation, making you easy to see and hit.
Foes you strike become dangerously contaminated with magical radiation.
Your maximum health is decreased, since you lack skill for your form.
You are incapable of wielding weapons or throwing items.
You have a pair of horns on your head.
You reflexively headbutt those who attack you in melee.


Message History

m - a flux talisman You begin transforming.
You continue transforming. x3
You turn into something dangerously unstable.
Your +0 hand axe melds into your body.
Your +0 animal skin melds into your body.
Okay, then.
A quokka comes into view.
You hit the quokka but do no damage.
The quokka begins to glow.
You headbutt the quokka.
The quokka is moderately wounded.
The quokka bites you.
Ouch! That really hurt!
You hit the quokka.
The quokka glows dangerously bright.
The quokka is heavily wounded.
The quokka barely misses you.
You hit the quokka.
The quokka shudders as magic cascades through it.
You kill the quokka!
Trog accepts your kill.
You see here a quokka corpse.
A goblin comes into view. It is wielding a +0 dagger.
The goblin shouts!
A rat comes into view.
A quokka comes into view.
The rat squeaks loudly.
The goblin closely misses you.
You hit the goblin.
The goblin begins to glow.
You headbutt the goblin, but do no damage.
The goblin is heavily wounded.
The quokka barely misses you. The goblin barely misses you.
You furiously retaliate!
You headbutt the goblin, but do no damage.
The quokka bites you.
You hit the quokka.
The quokka begins to glow.
You headbutt the quokka.
You kill the quokka!
Trog accepts your kill. The goblin hits you with a +0 dagger.
* * * LOW HITPOINT WARNING * * *
The goblin hits you with a +0 dagger.
You die...

.. #. # #.####
#.#....# ####
#......###.... .
#.##..........
..#....g.....#
......r.p....#
.............#
##..##...##.....
#. #...# ..#.
#...# ..# #
##.## .# ## #.#
. .# #.# .# #.#


You could see a goblin (contam) and a rat.

Vanquished Creatures
  A dart slug (D:2)
  2 ribbon worms (D:2)
  3 ball pythons (D:1)
  3 bats
  5 endoplasms
  2 giant cockroaches (D:1)
  A goblin (D:2)
  2 hobgoblins
  2 jackals (D:1)
  2 quokkas (D:2)
  A kobold (D:1)
24 creatures vanquished.

Notes
Turn   | Place    | Note
-------+----------+-------------------------------------------
     0 | D:1      | xspeedydi the Minotaur Berserker began the quest for the
                  | Orb.
     0 | D:1      | Reached XP level 1. HP: 19/19 MP: 0/0
    81 | D:1      | Reached XP level 2. HP: 27/27 MP: 1/1
   865 | D:2      | Found an ancient bone altar of Kikubaaqudgha.
   886 | D:2      | Reached XP level 3. HP: 7/33 MP: 2/2
  1146 | D:2      | Slain by a goblin

Illustrated notes

Levels and vault maps discovered:
D:1:      minmay_arrival_shoal_huts, layout_loops_ring, serial_forest,
          infiniplex_forest_straight_4, infiniplex_forest_clump_double,
          infiniplex_forest_lined_ring, infiniplex_forest_clump_double,
          infiniplex_forest_end_3, infiniplex_forest_3_way,
          infiniplex_forest_lined_room_2, infiniplex_forest_clump_curved,
          infiniplex_forest_clump_diagonal
D:2:      layout_loops_ring, basic_altar, minmay_misc_feat_secret_circle

Skill      XL: |  1  2 |
---------------+-------+-----
Fighting       | 4 |  4.2
Axes           | 4 |  4.1
Armour         | 3 |  3.0
Dodging        | |  2.6

Action                     || total
---------------------------++-------
  Melee: Hand axe          ||    57
         Headbutt          ||    14
         Unarmed           ||     5
    Use: Potion            ||     1
 Armour: Animal skin       ||    34
         Skin              ||     4
  Dodge: Dodged            ||    37
   Form: Flux              ||     1

Table legend: (Time is in decaauts)
 A = Elapsed time spent in this place.
 B = Non-inter-level travel time spent in this place.
 C = Inter-level travel time spent in this place.
 D = Time resting spent in this place.
 E = Time spent auto-exploring this place.
 F = Levels seen in this place.
 G = Mean time per level.
                   A        B        C        D        E       F      G
               +--------+--------+--------+--------+--------+-----+--------+
         Total |   1153 |   1040 |    113 |      5 |    798 |   2 |  576.5 |
       Dungeon |   1153 |   1040 |    113 |      5 |    798 |   2 |  576.5 |
               +--------+--------+--------+--------+--------+-----+--------+

Top non-repeatable levels by time:
     D:1: 809 daAuts
     D:2: 343 daAuts
